[Event "Titled Tuesday Blitz May 9 Early 2023"]
[White "Aung Thant Zin"]
[Black "Floresvillar Gonzalez, Luis Migu"]
[WhiteFideId "13000063"]
[BlackFideId "5100542"]
[WhiteElo "2278"]
[BlackElo "2040"]
[Result "1-0"]
[Round "09"]
[TimeControl "180+2"]
[Date "2023.05.09"]
[WhiteClock "0:00:20"]
[BlackClock "0:00:00"]

1. e4 e5 2. Nf3 Nc6 3. d4 Nf6 4. Nc3 exd4 5. Nxd4 Bc5 6. Be3 Qe7 7. Nxc6 bxc6 8. Bxc5 Qxc5 9. Bd3 O-O 10. O-O a5 11. Kh1 Ba6 12. f4 d6 13. Qf3 Bxd3 14. cxd3 Rab8 15. Na4 Qb5 16. b3 Rfe8 17. Rac1 Re7 18. h3 Qh5 19. g4 Qh4 20. Rxc6 h6 21. Nc3 Rb7 22. Ra6 d5 23. e5 d4 24. Kg2 dxc3 25. exf6 Re1 26. Rxe1 Qxe1 27. Qxb7 c2 28. Rc6 c1=Q 29. Rxc1 Qxc1 30. Qa8+ Kh7 31. Qe4+ g6 32. Qe7 Qd2+ 33. Kg1 Qd1+ 34. Kf2 Qd2+ 35. Kf3 Qxd3+ 36. Qe3 Qd5+ 37. Qe4 Qd1+ 38. Kg3 Qg1+ 39. Kf3 Qh1+ 40. Ke3 Qxh3+ 41. Kd4 Qxg4 42. Qe7 Qd1+ 43. Kc5 1-0


[Site "https://www.chess.com"]

[Event "Titled Tuesday Blitz May 9 Early 2023"]
[White "Sadovsky, Artem"]
[Black "Hartikainen, Jarmo"]
[WhiteFideId "4155840"]
[BlackFideId "503134"]
[WhiteElo "2314"]
[BlackElo "2090"]
[Result "1-0"]
[Round "09"]
[TimeControl "180+2"]
[Date "2023.05.09"]
[WhiteClock "0:00:32"]
[BlackClock "0:00:00"]

1. Nf3 Nf6 2. e3 g6 3. b3 Bg7 4. Bb2 d6 5. c4 O-O 6. Be2 e5 7. O-O Nbd7 8. Nc3 c6 9. d4 e4 10. Nd2 d5 11. cxd5 cxd5 12. f3 exf3 13. Bxf3 Nb6 14. a4 a5 15. Re1 Re8 16. Ba3 Bf5 17. Nb5 Bf8 18. Bxf8 Rxf8 19. Rc1 Rc8 20. Rxc8 Nxc8 21. g4 Be4 22. Bxe4 Nxe4 23. Nxe4 dxe4 24. Rf1 Qg5 25. Rf4 Ne7 26. Rxe4 f5 27. Re5 Nc6 28. Rc5 Qxe3+ 29. Kg2 fxg4 30. Rc3 Rf2+ 31. Kg1 Qf4 32. Rg3 Ne7 33. Rxg4 Qf3 34. Qxf3 Rxf3 35. Re4 Nd5 36. Re8+ Kf7 37. Nd6+ Kg7 38. Rb8 Rxb3 39. Nb5 Rb4 40. Rxb7+ Kf6 41. Rd7 Nf4 42. d5 Rxa4 43. d6 Rb4 44. Nc7 Rd4 45. Rxh7 1-0


[Site "https://www.chess.com"]

[Event "Titled Tuesday Blitz May 9 Early 2023"]
[White "Wessendorf, Thomas, Dr."]
[Black "Necula, Iulian"]
[WhiteFideId "4604270"]
[BlackFideId "1232380"]
[WhiteElo "2280"]
[BlackElo "1790"]
[Result "1-0"]
[Round "09"]
[TimeControl "180+2"]
[Date "2023.05.09"]
[WhiteClock "0:00:41"]
[BlackClock "0:00:03"]

1. e4 d6 2. d4 Nf6 3. Nc3 Nbd7 4. Nf3 e5 5. Bc4 Be7 6. O-O c6 7. a4 a5 8. Re1 Qc7 9. b3 h6 10. Ba3 Nf8 11. d5 Ng6 12. Qd2 O-O 13. Rad1 Rd8 14. dxc6 bxc6 15. Bf1 Bg4 16. Qe3 Nf4 17. Ne2 Nxe2+ 18. Bxe2 Rd7 19. h3 Bh5 20. Nh4 Bxe2 21. Qxe2 Rad8 22. Nf5 Bf8 23. Rd3 g6 24. Ng3 Kg7 25. Red1 Ne8 26. c4 Be7 27. Bb2 Bf6 28. Rf3 Re7 29. Re1 Re6 30. Rd3 Qe7 31. Nf1 Bg5 32. Nh2 Bf4 33. g3 Bg5 34. h4 Bf6 35. Ng4 h5 36. Nxf6 Qxf6 37. Rf3 Qe7 38. Bc1 Rf6 39. Bg5 Qe6 40. Bxf6+ Nxf6 41. Rd1 Rd7 42. Rfd3 Ne8 43. Kg2 Qe7 44. f3 Qe6 45. Qd2 Qe7 46. Qxa5 f5 47. Qe1 f4 48. gxf4 exf4 49. e5 d5 50. cxd5 c5 51. d6 Qe6 52. Qh1 Qxe5 53. Re1 Qf5 54. Qh3 Qxh3+ 55. Kxh3 Nf6 56. Re7+ Kf8 57. Rxd7 Nxd7 58. a5 Ke8 59. Rd5 Kd8 60. Rg5 Nf8 61. Rxc5 Kd7 62. a6 Kxd6 63. Ra5 Nd7 64. a7 Nb6 65. a8=Q Nxa8 66. Rxa8 1-0


[Site "https://www.chess.com"]

[Event "Titled Tuesday Blitz May 9 Early 2023"]
[White "Vargas, Mauricio"]
[Black "Acikel, Mert"]
[WhiteFideId "4404572"]
[BlackFideId "12956465"]
[WhiteElo "1986"]
[BlackElo "2097"]
[Result "0-1"]
[Round "09"]
[TimeControl "180+2"]
[Date "2023.05.09"]
[WhiteClock "0:00:00"]
[BlackClock "0:01:05"]

1. e4 e5 2. Nf3 Nc6 3. d4 exd4 4. Bc4 Bc5 5. c3 Nf6 6. e5 d5 7. Bb5 Ne4 8. cxd4 Bb6 9. O-O O-O 10. Nc3 Bg4 11. h3 Bxf3 12. gxf3 Ng5 13. h4 Ne6 14. Bxc6 bxc6 15. Ne2 Qxh4 16. Kg2 Qh5 17. Rh1 Qg6+ 18. Kf1 Rad8 19. Nf4 Nxf4 20. Bxf4 c5 21. Be3 cxd4 22. Bxd4 Bxd4 23. Qxd4 Rfe8 24. f4 Qb6 25. Qd3 g6 26. Qh3 h5 27. Kg2 Qxb2 28. Qg3 Qc2 29. Rae1 Qf5 30. Rh3 d4 0-1


[Site "https://www.chess.com"]

[Event "Titled Tuesday Blitz May 9 Early 2023"]
[White "Panico, Nick"]
[Black "Lakshmi C"]
[WhiteFideId "2026724"]
[BlackFideId "25035347"]
[WhiteElo "1982"]
[BlackElo "1942"]
[Result "1-0"]
[Round "09"]
[TimeControl "180+2"]
[Date "2023.05.09"]
[WhiteClock "0:00:33"]
[BlackClock "0:00:00"]

1. f4 d5 2. Nf3 c5 3. e3 Nc6 4. Bb5 Bd7 5. O-O Nf6 6. b3 a6 7. Bxc6 Bxc6 8. Bb2 e6 9. Ne5 Bb5 10. d3 Nd7 11. Nd2 Nxe5 12. fxe5 Be7 13. Qg4 Bg5 14. Rae1 h5 15. Qf3 Qe7 16. Re2 g6 17. c4 Bc6 18. e4 d4 19. g3 h4 20. Qg4 hxg3 21. hxg3 Be3+ 22. Kg2 O-O-O 23. Nf3 Rdg8 24. Bc1 f5 25. exf6 Qxf6 26. Bxe3 dxe3 27. Ng5 Rh2+ 28. Kxh2 Qxf1 29. Qxe6+ Kc7 30. Qf7+ Qxf7 31. Nxf7 Rf8 32. Ne5 Rf1 33. Kg2 Ra1 34. Nxc6 Kxc6 35. Kf3 b5 36. Kxe3 b4 37. Rf2 Kd7 38. Kf4 Ke6 39. Kg5 Rg1 40. g4 Ke5 41. Kxg6 Rxg4+ 42. Kf7 Rg3 43. Rd2 Kd4 44. Ke6 Kc3 45. Rf2 Kxd3 46. Kd5 Ke3 47. Rh2 Rg5+ 48. e5 Kf4 49. Kxc5 a5 50. Re2 Kf3 51. Re1 Kf2 52. Rd1 Rxe5+ 53. Rd5 Re2 54. Kb5 Rxa2 55. c5 Ra3 56. c6 Rxb3 57. c7 Rc3 58. Rc5 Rxc5+ 59. Kxc5 b3 60. c8=Q 1-0


[Site "https://www.chess.com"]

[Event "Titled Tuesday Blitz May 9 Early 2023"]
[White "Larina, Maria"]
[Black "Srebrnic, Ana"]
[WhiteFideId "24113182"]
[BlackFideId "14603314"]
[WhiteElo "1848"]
[BlackElo "2181"]
[Result "0-1"]
[Round "09"]
[TimeControl "180+2"]
[Date "2023.05.09"]
[WhiteClock "0:00:00"]
[BlackClock "0:00:08"]

1. e4 c5 2. Nc3 e6 3. Nf3 a6 4. d4 cxd4 5. Nxd4 Qc7 6. g3 Nf6 7. Bg2 b5 8. O-O Bb7 9. Re1 d6 10. a4 b4 11. Nd5 exd5 12. exd5+ Be7 13. Nf5 O-O 14. Nxe7+ Kh8 15. Bg5 Nbd7 16. Nf5 Rfe8 17. Qd2 Re5 18. Rxe5 dxe5 19. d6 Qb8 20. Qxb4 Bxg2 21. Qxb8+ Rxb8 22. Kxg2 g6 23. Ne3 Rxb2 24. Bxf6+ Nxf6 25. Nc4 Rxc2 26. Nxe5 Kg7 27. Rd1 Ra2 28. d7 Nxd7 29. Nxd7 Rxa4 30. Nc5 Ra2 31. Rd6 a5 32. Ra6 Kh6 33. h4 f5 34. Kf3 Ra3+ 35. Ke2 Ra2+ 36. Ke3 Ra3+ 37. Nd3 a4 38. Kd4 Ra1 39. Kc3 Ra3+ 40. Kc2 Ra2+ 41. Kc3 Ra3+ 42. Kc4 Ra1 43. f4 a3 44. Kb3 Rg1 0-1


[Site "https://www.chess.com"]

[Event "Titled Tuesday Blitz May 9 Early 2023"]
[White "Hercegovac, Neven"]
[Black "Fakhretdinova, Margarita"]
[WhiteFideId "2839135"]
[BlackFideId "24103667"]
[WhiteElo "2075"]
[BlackElo "2121"]
[Result "1-0"]
[Round "09"]
[TimeControl "180+2"]
[Date "2023.05.09"]
[WhiteClock "0:00:10"]
[BlackClock "0:00:13"]

1. Nf3 Nf6 2. g3 g6 3. Bg2 Bg7 4. b3 O-O 5. Bb2 c6 6. O-O d6 7. d4 Nbd7 8. Nbd2 a5 9. e4 a4 10. a3 b6 11. b4 d5 12. e5 Ne8 13. c4 Ba6 14. Qc2 Nc7 15. Rfe1 Re8 16. Rac1 Rc8 17. h4 Nf8 18. h5 Bh6 19. Rcd1 Nfe6 20. c5 bxc5 21. bxc5 Bb5 22. Bc1 Rb8 23. Nb1 Bg7 24. Nc3 Qd7 25. h6 Bh8 26. Nxa4 Bxa4 27. Qxa4 Nb5 28. Qc2 Ra8 29. a4 Nbc7 30. Bd2 Reb8 31. Rb1 Qc8 32. Rb6 Rxb6 33. cxb6 Na6 34. a5 Qb7 35. Rc1 c5 36. dxc5 Naxc5 37. Ng5 Bxe5 38. Nxe6 Nxe6 39. Qc6 Qa6 40. Bxd5 Rd8 41. Bxe6 Rxd2 42. Qe8# 1-0


[Site "https://www.chess.com"]

[Event "Titled Tuesday Blitz May 9 Early 2023"]
[White "Carlsen, Magnus"]
[Black "Bluebaum, Matthias"]
[WhiteFideId "1503014"]
[BlackFideId "24651516"]
[WhiteElo "2852"]
[BlackElo "2639"]
[Result "1/2-1/2"]
[Round "10"]
[TimeControl "180+2"]
[Date "2023.05.09"]
[WhiteClock "0:00:03"]
[BlackClock "0:00:27"]

1. g3 d5 2. Nf3 Nf6 3. Bg2 e6 4. O-O Bd6 5. c4 O-O 6. b3 Nc6 7. Bb2 d4 8. Nxd4 Nxd4 9. Bxd4 Bxg3 10. hxg3 Qxd4 11. Nc3 c6 12. e3 Qd3 13. Qe2 Qg6 14. d4 e5 15. dxe5 Ng4 16. f4 f6 17. Be4 Bf5 18. Bxf5 Qxf5 19. e4 Qh5 20. e6 Qc5+ 21. Kh1 Qh5+ 22. Kg2 f5 23. Rh1 Qg6 24. exf5 Rxf5 25. Rae1 Re8 26. Qe4 Nf6 27. Qd3 Nh5 28. Rh4 Rxe6 29. Rxe6 Qxe6 30. Ne4 h6 31. Kf3 Qg6 32. Rg4 Qe6 33. Rh4 Qg6 34. Rg4 Qe6 35. Rh4 1/2-1/2


[Site "https://www.chess.com"]

[Event "Titled Tuesday Blitz May 9 Early 2023"]
[White "Kramnik, Vladimir"]
[Black "Bortnyk, Olexandr"]
[WhiteFideId "4101588"]
[BlackFideId "14120828"]
[WhiteElo "2703"]
[BlackElo "2734"]
[Result "0-1"]
[Round "10"]
[TimeControl "180+2"]
[Date "2023.05.09"]
[WhiteClock "0:00:00"]
[BlackClock "0:00:06"]

1. e4 Nf6 2. e5 Nd5 3. d4 d6 4. Nf3 dxe5 5. Nxe5 c6 6. Nd2 Nd7 7. Ndf3 Nxe5 8. Nxe5 g6 9. Qf3 Be6 10. Bc4 Bg7 11. O-O O-O 12. Qe2 Nc7 13. Bxe6 Nxe6 14. c3 Qd5 15. Re1 c5 16. dxc5 Rfd8 17. Nf3 Qxc5 18. Be3 Qc6 19. Rad1 a5 20. h4 h5 21. Ng5 Rxd1 22. Rxd1 a4 23. a3 Bf6 24. Bc1 Bxg5 25. Bxg5 f6 26. Be3 Kf7 27. g3 Ra5 28. Rd3 Rb5 29. Rd2 Re5 30. Qd1 Re4 31. Rd7 Re5 32. c4 Qxc4 33. Rxb7 Rd5 34. Qf3 Rf5 35. Qd1 Rd5 36. Qf3 Rd3 37. Kg2 f5 38. Rb4 Qc2 39. Rb5 Rd1 40. Rd5 Rxd5 41. Qxd5 Qxb2 42. Qd3 Qb3 43. Qxb3 axb3 44. Bc1 Nc5 45. Kf3 Nd3 46. Ke3 Nxc1 47. Kd2 b2 48. Kc2 Nd3 49. a4 Ke6 50. a5 Kd5 0-1


[Site "https://www.chess.com"]

[Event "Titled Tuesday Blitz May 9 Early 2023"]
[White "Matlakov, Maxim"]
[Black "demon64fields"]
[WhiteFideId "4168003"]
[WhiteElo "2666"]
[BlackElo "2919"]
[Result "0-1"]
[Round "10"]
[TimeControl "180+2"]
[Date "2023.05.09"]
[WhiteClock "0:01:53"]
[BlackClock "0:02:05"]

1. Nf3 g6 2. g3 Bg7 3. d4 c5 4. c3 cxd4 5. cxd4 Nf6 6. Bg2 O-O 7. Nc3 d5 8. Ne5 Nc6 9. Bf4 Bf5 10. Nxc6 bxc6 11. O-O Rc8 12. Rc1 h5 13. Be5 Re8 14. Na4 Bf8 15. Nc5 Ng4 16. Bf4 e5 17. dxe5 Nxe5 18. b3 h4 19. Qd2 h3 20. Bh1 Bg7 21. Rfd1 Qe7 22. Bg5 Bf6 23. Bf4 Ng4 24. Bf3 g5 25. Bxg4 Bxg4 26. Be3 Rcd8 27. Bd4 Bxd4 28. Qxd4 Qxe2 29. Qd2 Qf3 30. Qxg5+ Kh7 31. Qh4+ Kg6 0-1


[Site "https://www.chess.com"]

[Event "Titled Tuesday Blitz May 9 Early 2023"]
[White "Terry, Renato"]
[Black "Nakamura, Hikaru"]
[WhiteFideId "3803457"]
[BlackFideId "2016192"]
[WhiteElo "2575"]
[BlackElo "2885"]
[Result "0-1"]
[Round "10"]
[TimeControl "180+2"]
[Date "2023.05.09"]
[WhiteClock "0:00:04"]
[BlackClock "0:00:41"]

1. d4 Nf6 2. Nf3 g6 3. Bg5 Bg7 4. c3 d6 5. Nbd2 Nbd7 6. e4 e5 7. dxe5 dxe5 8. Be2 O-O 9. Qc2 Qe7 10. O-O b6 11. Rfe1 Bb7 12. b4 a5 13. a3 h6 14. Bh4 Ra7 15. Bb5 c6 16. Bd3 Rfa8 17. Qb2 b5 18. Nb3 a4 19. Na5 Rxa5 20. bxa5 Nc5 21. Bc2 Rxa5 22. Qb4 Ra8 23. c4 Ba6 24. cxb5 Bxb5 25. Rad1 Re8 26. Nd2 Bf8 27. Qc3 Qe6 28. Bxf6 Qxf6 29. Nc4 Ne6 30. Bd3 Bc5 31. Rd2 Bd4 32. Qc2 Nc5 33. Bf1 Nb3 34. Rdd1 h5 35. Ne3 Rb8 36. Bxb5 Rxb5 37. Qc4 Nc5 38. Rf1 Nxe4 39. Qxa4 Rb2 40. Nc2 Bxf2+ 41. Kh1 Qh4 42. Qa8+ Kg7 43. g3 Nxg3+ 44. Kg2 Nxf1 0-1


[Site "https://www.chess.com"]

[Event "Titled Tuesday Blitz May 9 Early 2023"]
[White "Kollars, Dmitrij"]
[Black "Sokolovsky, Yahli"]
[WhiteFideId "12909572"]
[BlackFideId "2820242"]
[WhiteElo "2584"]
[BlackElo "2389"]
[Result "0-1"]
[Round "10"]
[TimeControl "180+2"]
[Date "2023.05.09"]
[WhiteClock "0:00:03"]
[BlackClock "0:00:04"]

1. e4 d6 2. d4 Nf6 3. Nc3 g6 4. Be3 a6 5. h3 Bg7 6. f4 Nc6 7. Nf3 Nh5 8. Bc4 O-O 9. d5 Na5 10. Bd3 f5 11. exf5 Bxf5 12. Bxf5 Rxf5 13. g4 Nc4 14. Bd4 Rxf4 15. Bxg7 Nxg7 16. O-O Qf8 17. Qe2 Re8 18. Ne4 Nb6 19. c4 e6 20. Nfg5 exd5 21. cxd5 h6 22. Rxf4 Qxf4 23. Ne6 Nxe6 24. Rf1 Nxd5 25. Rxf4 Nexf4 26. Qc4 Kg7 27. Kh2 Re5 28. Nc3 c6 29. Qd4 Kf7 30. Ne4 Ke6 31. Nc3 Nxc3 32. Qxc3 Nd5 33. Qb3 g5 34. Qxb7 Re2+ 35. Kg1 Re1+ 36. Kf2 Rc1 37. Qc8+ Ke7 38. Qxa6 Rc2+ 39. Ke1 Nf4 40. Qa7+ Ke6 41. Qe3+ Kd7 42. Qb3 Re2+ 43. Kd1 Rh2 44. a4 Rxh3 45. Qf7+ Kc8 46. a5 Rh1+ 47. Kc2 Ra1 48. Qa7 Nd5 49. Kb3 Nc7 50. Qb6 Kd7 51. Kc2 c5 52. b4 cxb4 53. Qxb4 Kc8 54. Kb2 Rd1 55. Qc4 Rd5 56. Qc3 Rb5+ 57. Kc1 Kb7 58. Qf3+ d5 59. Qf6 Rc5+ 60. Kd2 Rc6 61. Qxh6 Rxh6 0-1


[Site "https://www.chess.com"]

[Event "Titled Tuesday Blitz May 9 Early 2023"]
[White "Galchenko, Matvey"]
[Black "Ter-Sahakyan, Samvel"]
[WhiteFideId "24175480"]
[BlackFideId "13302531"]
[WhiteElo "2423"]
[BlackElo "2545"]
[Result "0-1"]
[Round "10"]
[TimeControl "180+2"]
[Date "2023.05.09"]
[WhiteClock "0:00:10"]
[BlackClock "0:00:06"]

1. e4 c5 2. c3 d5 3. exd5 Nf6 4. Bb5+ Nbd7 5. d4 a6 6. Be2 Nxd5 7. Nf3 e6 8. O-O Be7 9. c4 N5f6 10. Nc3 O-O 11. Bg5 h6 12. Bh4 b6 13. dxc5 bxc5 14. Qc2 Bb7 15. Rad1 Qc8 16. Rd2 Bc6 17. Rfd1 Qb7 18. b3 Rad8 19. h3 Rfe8 20. Bg3 Bf8 21. Qc1 Be7 22. Qa3 Rc8 23. Bd6 Bxd6 24. Rxd6 Rc7 25. Na4 Qa7 26. Nc3 Qb7 27. Na4 Qa7 28. Nc3 Rec8 29. Ne1 Ne5 30. Nd3 Nxd3 31. R6xd3 Rd7 32. Rxd7 Nxd7 33. Qa5 Qb7 34. Bf1 g6 35. Na4 Qc7 36. Qxc7 Rxc7 37. Nc3 g5 38. Rd6 Kf8 39. f3 Ke7 40. Rd2 Ne5 41. Kf2 h5 42. Ke3 f5 43. f4 gxf4+ 44. Kxf4 Kf6 45. Rd8 Ng6+ 46. Ke3 Rd7 47. Rb8 f4+ 48. Ke2 Nh4 49. Rg8 Nf5 50. Ke1 Ng3 51. Rc8 Rd6 52. Rg8 e5 53. Be2 e4 54. Rf8+ Ke5 55. Re8+ Kd4 56. Rh8 Kxc3 57. Bxh5 e3 58. Bg4 Bxg2 59. Rf8 Be4 60. Rxf4 Kd4 61. Rf8 a5 62. h4 Ke5 63. Re8+ Kf4 64. Bd1 Rxd1+ 65. Kxd1 Nf5 66. Ke1 Bf3 67. h5 Bxh5 68. Rc8 Nd4 69. Rf8+ Ke4 70. Kf1 e2+ 71. Kf2 Nc2 72. Re8+ Kd3 73. Rd8+ Kc3 74. Re8 e1=Q+ 75. Rxe1 Nxe1 76. Kxe1 Kb2 77. b4 axb4 78. Kd2 Kxa2 0-1


[Site "https://www.chess.com"]

[Event "Titled Tuesday Blitz May 9 Early 2023"]
[White "Nguyen, Ngoc Truong Son"]
[Black "Ivic, Velimir"]
[WhiteFideId "12401110"]
[BlackFideId "950122"]
[WhiteElo "2556"]
[BlackElo "2563"]
[Result "0-1"]
[Round "10"]
[TimeControl "180+2"]
[Date "2023.05.09"]
[WhiteClock "0:00:00"]
[BlackClock "0:00:17"]

1. d4 Nf6 2. Nf3 g6 3. Nc3 d5 4. Bf4 Bg7 5. Nb5 Na6 6. e3 c6 7. Nc3 Qb6 8. Rb1 Nh5 9. Bg5 h6 10. Bh4 g5 11. Nd2 Nf4 12. Bg3 Ng6 13. Na4 Qa5 14. c3 b5 15. Nc5 Nxc5 16. dxc5 e5 17. Qc2 f5 18. Be2 O-O 19. O-O Qd8 20. f3 h5 21. a4 h4 22. Bf2 a6 23. Ra1 Be6 24. Ra3 h3 25. Rfa1 Rc8 26. axb5 axb5 27. Ra6 hxg2 28. Bxb5 Qe8 29. Be2 e4 30. fxe4 fxe4 31. Bh5 Qf7 32. Nb3 Qf6 33. Nd4 Bh3 34. Bxg6 Qxg6 35. Rb6 Rxf2 36. Qxf2 Rf8 37. Rxc6 Rxf2 0-1


[Site "https://www.chess.com"]

[Event "Titled Tuesday Blitz May 9 Early 2023"]
[White "Shimanov, Aleksandr"]
[Black "Rodshtein, Maxim"]
[WhiteFideId "4198603"]
[BlackFideId "2806851"]
[WhiteElo "2631"]
[BlackElo "2555"]
[Result "1-0"]
[Round "10"]
[TimeControl "180+2"]
[Date "2023.05.09"]
[WhiteClock "0:00:42"]
[BlackClock "0:00:15"]

1. e4 c5 2. d4 cxd4 3. Qxd4 Nc6 4. Qd3 g6 5. Nc3 Bg7 6. Nf3 d6 7. Be2 Nf6 8. O-O O-O 9. Nd5 Bg4 10. c3 Nd7 11. Bg5 h6 12. Bh4 a6 13. Rad1 Re8 14. h3 Bxf3 15. Qxf3 Qb8 16. Bg3 Nde5 17. Qe3 b5 18. f4 Nc4 19. Bxc4 bxc4 20. Qe2 Ra7 21. f5 Rb7 22. Rd2 Ne5 23. Bxe5 Bxe5 24. fxg6 fxg6 25. Qg4 e6 26. Nf6+ Bxf6 27. Rxf6 Rg7 28. Rxg6 Qb6+ 29. Kh1 Re7 30. Rxg7+ Rxg7 31. Qxe6+ Rf7 32. Rxd6 Qf2 33. Qg6+ Kf8 34. Rd8+ 1-0


[Site "https://www.chess.com"]

[Event "Titled Tuesday Blitz May 9 Early 2023"]
[White "Demchenko, Anton"]
[Black "Donchenko, Alexander"]
[WhiteFideId "4160258"]
[BlackFideId "24603295"]
[WhiteElo "2545"]
[BlackElo "2554"]
[Result "0-1"]
[Round "10"]
[TimeControl "180+2"]
[Date "2023.05.09"]
[WhiteClock "0:00:01"]
[BlackClock "0:00:15"]

1. e4 c5 2. Nc3 Nc6 3. Bb5 Nd4 4. a4 g6 5. Nf3 Bg7 6. d3 e6 7. Bf4 Qe7 8. O-O Nf6 9. Bc4 O-O 10. Re1 b6 11. Nb5 Nxf3+ 12. Qxf3 Ne8 13. Qg3 Bb7 14. e5 a6 15. Nd6 Nxd6 16. exd6 Qd8 17. c3 Bc6 18. Bb3 b5 19. axb5 axb5 20. Rad1 b4 21. Be5 bxc3 22. bxc3 Ra3 23. Bxg7 Kxg7 24. Bc4 Qf6 25. Qe3 Rxc3 26. Qxc5 Rb8 27. h3 Rb2 28. Rb1 Rcc2 29. Rxb2 Qxb2 30. Qe3 h5 31. Qg3 Qd4 32. Qe5+ Qxe5 33. Rxe5 Kf6 34. Ra5 Rc1+ 35. Kh2 Rf1 36. Ra2 h4 37. f3 Ke5 38. Ra7 Kxd6 39. Ra2 Rc1 40. Re2 Kc5 41. Re5+ Kd4 42. Rg5 d5 43. Rg4+ Ke3 44. Ba6 Ra1 45. Bc8 Ra8 46. Bxe6 fxe6 47. Rxg6 Bd7 48. Rg7 Rd8 49. Rh7 Kxd3 50. Rxh4 d4 51. Kg3 Kc3 52. Rh6 d3 53. Kf2 d2 0-1


[Site "https://www.chess.com"]

[Event "Titled Tuesday Blitz May 9 Early 2023"]
[White "Lenderman, Aleksandr"]
[Black "Peng, Li Min"]
[WhiteFideId "2021285"]
[BlackFideId "14112620"]
[WhiteElo "2607"]
[BlackElo "2436"]
[Result "1-0"]
[Round "10"]
[TimeControl "180+2"]
[Date "2023.05.09"]
[WhiteClock "0:02:04"]
[BlackClock "0:00:21"]

1. Nf3 d5 2. b3 c5 3. e3 Nc6 4. Bb2 f6 5. d4 e6 6. c4 cxd4 7. Nxd4 Bb4+ 8. Bc3 Qa5 9. Qd2 Nxd4 10. exd4 Bxc3 11. Qxc3 Qxc3+ 12. Nxc3 dxc4 13. Bxc4 a6 14. a4 Ne7 15. O-O Bd7 16. Rfe1 Kf7 17. Ne4 Nf5 18. Nc5 Bc8 19. Nxe6 Kg6 20. Bd3 h5 21. Rac1 Bxe6 22. Rxe6 Rhe8 23. Rxe8 Rxe8 24. h4 b6 25. a5 Rd8 26. axb6 Rxd4 27. b7 1-0


[Site "https://www.chess.com"]

[Event "Titled Tuesday Blitz May 9 Early 2023"]
[White "Zhigalko, Sergei"]
[Black "Orozbaev, Eldiar"]
[WhiteFideId "13502956"]
[BlackFideId "13802240"]
[WhiteElo "2626"]
[BlackElo "2201"]
[Result "1-0"]
[Round "10"]
[TimeControl "180+2"]
[Date "2023.05.09"]
[WhiteClock "0:00:04"]
[BlackClock "0:00:07"]

1. e4 e6 2. d4 d5 3. e5 c5 4. c3 Nc6 5. Nf3 Qb6 6. Bd3 cxd4 7. O-O Bd7 8. Re1 Rc8 9. h4 dxc3 10. Nxc3 Bb4 11. Be3 Qd8 12. Rc1 Nge7 13. a3 Bxc3 14. Rxc3 h6 15. Bc5 O-O 16. Bb1 f5 17. exf6 Rxf6 18. Qd3 Ng6 19. h5 Nf8 20. Bxf8 Qxf8 21. b4 a6 22. a4 Qxb4 23. Rb3 Qg4 24. Rxb7 e5 25. Qh7+ Kf8 26. Bg6 Rxf3 27. Rxd7 Qxd7 28. gxf3 Ne7 29. Rxe5 Qd6 30. Qh8+ Ng8 31. Rf5+ Qf6 32. Rxf6+ gxf6 33. Bh7 Kf7 34. Bg6+ Ke6 35. Kh2 Ne7 36. Qxh6 Rc3 37. Qf4 d4 38. Qxd4 Rxf3 39. Qe4+ Kd6 40. Qxf3 Nd5 41. Qg3+ 1-0


[Site "https://www.chess.com"]

[Event "Titled Tuesday Blitz May 9 Early 2023"]
[White "Livaic, Leon"]
[Black "Simonian, Hrair"]
[WhiteFideId "14531534"]
[BlackFideId "13302337"]
[WhiteElo "2522"]
[BlackElo "2447"]
[Result "1-0"]
[Round "10"]
[TimeControl "180+2"]
[Date "2023.05.09"]
[WhiteClock "0:00:09"]
[BlackClock "0:00:03"]

1. d4 Nf6 2. c4 e6 3. Nc3 Bb4 4. Qb3 c5 5. dxc5 Nc6 6. Nf3 Ne4 7. Bd2 Nxd2 8. Nxd2 Bxc5 9. g3 Nd4 10. Qd1 Bb4 11. Nde4 Qb6 12. Bg2 f5 13. c5 Bxc5 14. Nxc5 Qxc5 15. O-O O-O 16. Rc1 Qe5 17. e3 Nc6 18. a3 d5 19. b4 Bd7 20. Na4 b6 21. Nc3 Rac8 22. Qd2 Ne7 23. Ne2 Bb5 24. Rfe1 Bxe2 25. Qxe2 Rxc1 26. Rxc1 Rc8 27. Rxc8+ Nxc8 28. Qb5 Nd6 29. Qd7 h6 30. Qxa7 Nc4 31. Bf1 Nd2 32. Be2 Qa1+ 33. Kg2 Qe1 34. Bd3 Qd1 35. Qb8+ Kh7 36. Qf4 g5 37. Bxf5+ exf5 38. Qxf5+ Kg7 39. Qe5+ Kf8 40. Qf6+ Ke8 41. Qe6+ Kf8 42. Qxh6+ Kf7 43. Qh7+ Ke6 44. Qg6+ Kd7 45. Qf5+ Kc6 46. Qe6+ Kc7 47. Qe5+ Kc6 48. Qe6+ Kc7 49. Qf7+ Kd6 50. h4 Qf1+ 51. Kh2 g4 52. Qf4+ Kc6 53. b5+ Kxb5 54. Qb4+ Kc6 55. Qxd2 b5 56. Qc3+ Kd6 57. Qf6+ Kc5 58. Qd4+ Kc6 59. e4 dxe4 60. Qxe4+ Kc5 61. Qb4+ Kb6 62. Qd4+ Ka6 63. Qe3 Qb1 64. Qe6+ Ka5 65. Qxg4 Qb2 66. Qb4+ Qxb4 67. axb4+ Kxb4 68. h5 1-0


[Site "https://www.chess.com"]

[Event "Titled Tuesday Blitz May 9 Early 2023"]
[White "Hasangatin, Ramil"]
[Black "Pranav, V"]
[WhiteFideId "4122160"]
[BlackFideId "25060783"]
[WhiteElo "2279"]
[BlackElo "2515"]
[Result "1-0"]
[Round "10"]
[TimeControl "180+2"]
[Date "2023.05.09"]
[WhiteClock "0:00:08"]
[BlackClock "0:00:05"]

1. e4 e5 2. Nf3 Nc6 3. Bb5 a6 4. Ba4 d6 5. Bxc6+ bxc6 6. d4 exd4 7. Nxd4 c5 8. Ne2 Bb7 9. Nbc3 Be7 10. O-O Nf6 11. Ng3 O-O 12. Re1 Re8 13. Qf3 Nd7 14. Nf5 Bf6 15. Bd2 Ne5 16. Qg3 g6 17. b3 h5 18. h3 h4 19. Nh6+ Kg7 20. Qh2 Rh8 21. Qf4 Nc6 22. Nd5 Nd4 23. Nxf6 Qxf6 24. Qxf6+ Kxf6 25. Ng4+ Kg7 26. Bc3 f6 27. Rac1 Rae8 28. f3 Kf7 29. Kf2 Re6 30. Red1 Nc6 31. Ne3 Ne7 32. Nc4 Re8 33. Re1 Nc6 34. Ne3 Nb8 35. Nc4 Nd7 36. Ba5 Rc8 37. Rcd1 g5 38. Ne3 Ne5 39. Bc3 Rce8 40. Ba5 R8e7 41. Nf5 Rd7 42. Bc3 Ng6 43. Ne3 Ne7 44. Rd2 c6 45. Red1 d5 46. Ba5 Ba8 47. Nc4 Nc8 48. Nb6 Nxb6 49. Bxb6 c4 50. bxc4 Rb7 51. c5 dxe4 52. Rd7+ Re7 53. Rxb7 Bxb7 54. Re1 exf3 55. Rxe7+ Kxe7 56. Kxf3 Bc8 57. c3 Be6 58. a3 Bd5+ 59. Kf2 f5 60. Bc7 g4 61. hxg4 fxg4 62. a4 Bb3 63. a5 Bd5 64. Bb6 g3+ 65. Kg1 Kd7 66. Ba7 Ke6 67. Bb8 Kf5 68. Bc7 Kg4 69. Bd8 Be4 70. Bc7 Bd5 71. Bd8 Bc4 72. Bc7 Bb5 73. Bd8 Bd3 74. Bc7 Be4 75. Bd8 Bf5 76. Bc7 Bd7 77. Bd8 Be8 78. Bc7 Bf7 79. Bd8 Bd5 80. Bc7 Bxg2 81. Kxg2 h3+ 82. Kg1 Kf3 83. Be5 Kg4 84. Bd6 Kf3 85. Be5 Kg4 86. Bd4 Kf4 87. Bf6 Ke3 88. Be5 h2+ 89. Kg2 h1=Q+ 90. Kxh1 Kf2 91. Bd4+ Kf1 92. Be3 Ke2 93. Bd4 Kf1 94. Be3 Ke2 95. Bg1 Kf1 96. c4 Ke2 97. Kg2 Kd3 98. Kxg3 Kxc4 99. Kf4 Kb5 100. Ke5 Kxa5 101. Kd6 Kb5 102. Bd4 Kc4 103. Bf6 Kb5 104. Bg7 a5 105. Bf6 a4 106. Bg7 a3 107. Bf6 a2 108. Bg7 1-0


[Site "https://www.chess.com"]

[Event "Titled Tuesday Blitz May 9 Early 2023"]
[White "Yuan, Qingyu"]
[Black "Mitrabha, Guha"]
[WhiteFideId "8609772"]
[BlackFideId "5057000"]
[WhiteElo "2359"]
[BlackElo "2507"]
[Result "0-1"]
[Round "10"]
[TimeControl "180+2"]
[Date "2023.05.09"]
[WhiteClock "0:00:29"]
[BlackClock "0:01:13"]

1. Nf3 g6 2. b3 Bg7 3. d4 Nf6 4. Bb2 O-O 5. Nbd2 d5 6. e3 Nbd7 7. c4 c6 8. Be2 a5 9. O-O Re8 10. Qb1 b6 11. Rc1 Bb7 12. cxd5 Nxd5 13. h3 e6 14. a3 Qe7 15. Nc4 Ba6 16. Rc2 h6 17. Qf1 c5 18. Rac1 cxd4 19. Nxd4 Nc5 20. Nc6 Qc7 21. Bxg7 Kxg7 22. Nd4 e5 23. Nxb6 Qxb6 24. Rxc5 exd4 25. Bxa6 dxe3 26. Rc6 Qd4 27. Rd1 exf2+ 28. Kh1 Qxd1 29. Qxd1 Re1+ 30. Kh2 Rxd1 0-1


[Site "https://www.chess.com"]